 Dungeon Crawl Stone Soup version 0.29.0-4-gdea44cf6ec (webtiles) character file.

Game seed: 17692478689470881184

280 qw the Chopper (level 6, 0/30 (35) HPs)
             Began as a Tengu Warper on Aug 28, 2022.
             Was an Initiate of Okawaru.
             Slain by a necrophage (1 damage)
             ... on level 4 of the Dungeon.
             The game lasted 00:00:17 (4019 turns).

qw the Chopper (Tengu Warper)                       Turns: 4019, Time: 00:00:17

HP:   0/30 (35)     AC:  8    Str: 13    XL:     6   Next: 27%
MP:   10/10         EV:  7    Int: 14    God:    Okawaru [......]
Gold: 252           SH:  0    Dex: 13    Spells: 9/9 levels left

rFire   + . .      SeeInvis .   Y - +0 hand axe
rCold   + . .      Faith    .   (no shield)
rNeg    . . .      Spirit   .   f - +0 chain mail
rPois   .          Reflect  .   (helmet restricted)
rElec   .          Harm     .   g - scarf {rC+ rF+}
rCorr   .          Rampage  .   (no gloves)
Will    .....                   (boots unavailable)
Stlth   ..........              (no amulet)
HPRegen 0.10/turn               (no ring)
MPRegen 0.12/turn               (no ring)

@: flying quickly and evasively, heavily drained, quick
A: beak, talons 3, nimble flight
a: Renounce Religion


You were on level 4 of the Dungeon.
You worshipped Okawaru.
Okawaru was noncommittal.
You visited 1 branch of the dungeon, and saw 4 of its levels.

You collected 252 gold pieces.


Innate Abilities, Weirdness & Mutations

You have a beak for a mouth.
You have claws for feet.
Your magical nature lets you fly swiftly and evasively.


   Skills:
 - Level 2.0 Fighting
 + Level 6.8 Axes
 - Level 1.0 Throwing
 - Level 2.1 Armour
 - Level 2.1 Dodging
 - Level 2.0 Spellcasting
 - Level 2.4 Translocations


You had 9 spell levels left.
You didn't know any spells.
Your spell library contained the following spells:

 Spells                   Type           Power      Damage    Failure   Level
 Blink                    Tloc           16%        N/A       99%         2
 Gell's Gravitas          Tloc           8%         N/A       100%        3
 Lesser Beckoning         Tloc           8%         N/A       100%        3
 Teleport Other           Tloc           8%         N/A       100%        3
 Manifold Assault         Tloc           8%         N/A       100%        5

Inventory:

Hand Weapons
 h - a +0 flail
 Y - a +0 hand axe (weapon)
Armour
 f - a +0 chain mail (worn)
 g - a scarf of resistance (worn)
Scrolls
 b - a scroll of identify
Potions
 d - a potion of mutation
 e - a potion of curing {unknown}

Dungeon Overview and Level Annotations

Branches:
Dungeon (4/15)
 Temple: D:4-7

Altars:
Fedhas
Okawaru
Qazlal


Message History

You see here a ball python corpse.
A worm comes into view.
A necrophage comes into view.
4008 ||| Stepping ~*~*~tactically~*~*~ (stealth).
You hit the worm.
The worm is moderately wounded.
The worm bites you.
You barely miss the worm. You peck the worm, but do no damage.
The worm is lightly wounded.
The worm bites you.
You hit the worm but do no damage. You claw the worm!
The worm is heavily wounded.
You closely miss the necrophage. The necrophage hits you.
You feel drained.
You hit the worm. You claw the worm. You peck the worm.
The worm is almost dead.
You hit the necrophage. The necrophage hits you.
You feel drained. The worm bites you.
You hit the worm.
You kill the worm!
Okawaru accepts your kill.
You closely miss the necrophage. The necrophage barely misses you.
You hit the necrophage but do no damage.
You claw the necrophage, but do no damage.
The necrophage is lightly damaged.
The necrophage barely misses you.
You hit the necrophage. You claw the necrophage.
The necrophage is heavily damaged.
The necrophage hits you.
You feel drained.
You hit the necrophage but do no damage.
The necrophage is heavily damaged.
The necrophage hits you.
You hit the necrophage. Your peck misses the necrophage.
The necrophage is heavily damaged.
The necrophage hits you.
You feel drained.
You closely miss the necrophage.
The necrophage is heavily damaged.
The necrophage hits you.
You feel drained.
You die...

#..# ##.##
#..##...##
#.#.....######
##..####.....##
####...#
#####...
#..#..## ##..
#.%### ##.
###.## ##.
#n@.# #.>
#.....%### #
###%. ..###.#
#.#####.... ...
#.........# .#~
#..#>.....# ..
~~ #.........#
. ~~
#......%..) .~~
#......###..
#....## ##.


You could see a necrophage.

Vanquished Creatures
  A black bear (D:3)
  2 hounds
  An orc wizard (D:4)
  4 adders (D:2)
  2 worms
  2 dart slugs
  7 orcs
  2 bats (D:1)
  6 endoplasms
  2 giant cockroaches
  3 hobgoblins
  A jackal (D:4)
  3 quokkas (D:1)
  6 ball pythons
  4 goblins
  9 kobolds
  2 rats (D:2)
57 creatures vanquished.

Notes
Turn   | Place    | Note
-------+----------+-------------------------------------------
     0 | D:1      | qw the Tengu Warper began the quest for the Orb.
     0 | D:1      | Reached XP level 1. HP: 12/12 MP: 4/4
     0 | D:1      | 0 ||| qw: Version: 0.1-a-89-g26bdef1
     0 | D:1      | 0 ||| qw: Game counter: 2305
     0 | D:1      | 0 ||| qw: Always use a shield: true
     0 | D:1      | 0 ||| qw: God list: Okawaru
     0 | D:1      | 0 ||| qw: Allow faded altars: false
     0 | D:1      | 0 ||| qw: Do Orc after D:15 true
     0 | D:1      | 0 ||| qw: Do second Lair branch before Depths: true
     0 | D:1      | 0 ||| qw: Lair rune preference: random
     0 | D:1      | 0 ||| qw: Plans: Normal
     0 | D:1      | 0 ||| PLANNING D:1-11
   101 | D:1      | 101 ||| Stepping ~*~*~tactically~*~*~ (hiding).
   257 | D:1      | Reached XP level 2. HP: 17/17 MP: 6/6
   271 | D:1      | Reached skill level 3 in Axes
   628 | D:1      | 628 ||| DROPPING +0 club.
  1026 | D:1      | 1026 ||| DROPPING scroll of blinking.
  1045 | D:2      | 1045 ||| Stepping ~*~*~tactically~*~*~ (stealth).
  1047 | D:2      | 1047 ||| Stepping ~*~*~tactically~*~*~ (stealth).
  1051 | D:2      | 1051 ||| Stepping ~*~*~tactically~*~*~ (stealth).
  1052 | D:2      | 1052 ||| Stepping ~*~*~tactically~*~*~ (stealth).
  1062 | D:2      | Reached skill level 4 in Axes
  1062 | D:2      | Reached XP level 3. HP: 21/21 MP: 7/7
  1064 | D:2      | 1064 ||| Stepping ~*~*~tactically~*~*~ (stealth).
  1066 | D:2      | 1066 ||| Stepping ~*~*~tactically~*~*~ (stealth).
  1134 | D:2      | 1134 ||| Stepping ~*~*~tactically~*~*~ (stealth).
  1373 | D:2      | 1373 ||| FLEEEEING.
  1374 | D:2      | 1374 ||| FLEEEEING.
  1375 | D:2      | 1375 ||| FLEEEEING.
  1376 | D:2      | 1376 ||| FLEEEEING.
  1377 | D:2      | 1377 ||| STAIRDANCE
  1441 | D:1      | 1441 ||| UPGRADING to +0 ring mail.
  1451 | D:1      | 1451 ||| DROPPING +0 leather armour.
  1452 | D:1      | 1452 ||| READING scroll labelled OLERENT IRYNNE.
  1458 | D:2      | Reached XP level 4. HP: 23/26 MP: 8/8
  1458 | D:2      | 1458 ||| STAIRDANCE
  1505 | D:2      | 1505 ||| Stepping ~*~*~tactically~*~*~ (stealth).
  1507 | D:2      | 1507 ||| Stepping ~*~*~tactically~*~*~ (stealth).
  1758 | D:2      | Found a faded altar of an unknown god.
  2115 | D:2      | Reached skill level 5 in Axes
  2388 | D:2      | 2388 ||| READING scroll labelled INGYIZ PACVEWU.
  2389 | D:2      | 2389 ||| READING scroll labelled VAIGHE DAILIAMA.
  2911 | D:3      | Noticed a black bear
  2912 | D:3      | 2912 ||| Stepping ~*~*~tactically~*~*~ (stealth).
  2924 | D:3      | Killed a black bear
  2925 | D:3      | Reached skill level 6 in Axes
  2925 | D:3      | Gained mutation: Your magical nature lets you fly swiftly
                  | and evasively. [Tengu growth]
  2925 | D:3      | Reached XP level 5. HP: 28/30 MP: 9/9
  3017 | D:3      | Found an iron altar of Okawaru.
  3017 | D:3      | Found a faded altar of an unknown god.
  3024 | D:3      | Found a faded altar of an unknown god.
  3026 | D:3      | Became a worshipper of Warmaster Okawaru
  3043 | D:3      | Found a blossoming altar of Fedhas.
  3045 | D:3      | Found a stormy altar of Qazlal.
  3284 | D:3      | 3284 ||| FLEEEEING.
  3288 | D:3      | 3288 ||| FLEEEEING.
  3289 | D:3      | 3289 ||| FLEEEEING.
  3290 | D:3      | 3290 ||| FLEEEEING.
  3291 | D:3      | 3291 ||| FLEEEEING.
  3292 | D:3      | 3292 ||| FLEEEEING.
  3293 | D:3      | 3293 ||| FLEEEEING.
  3294 | D:3      | 3294 ||| FLEEEEING.
  3295 | D:3      | 3295 ||| FLEEEEING.
  3296 | D:3      | 3296 ||| FLEEEEING.
  3297 | D:3      | 3297 ||| FLEEEEING.
  3298 | D:3      | 3298 ||| FLEEEEING.
  3299 | D:3      | 3299 ||| FLEEEEING.
  3349 | D:3      | 3349 ||| DROPPING +0 whip.
  3516 | D:3      | 3516 ||| UPGRADING to +0 chain mail.
  3526 | D:3      | 3526 ||| DROPPING +0 ring mail.
  3527 | D:3      | 3527 ||| UPGRADING to scarf of resistance.
  3532 | D:3      | 3532 ||| READING 2 scrolls labelled UXOUDW PAAMANAC.
  3533 | D:3      | 3533 ||| READING 2 scrolls of identify.
  3533 | D:3      | 3533 ||| IDENTIFYING black potion
  3534 | D:3      | 3534 ||| DROPPING scroll of vulnerability.
  3565 | D:4      | 3565 ||| PLANNING SEWER
  3642 | D:4      | Reached XP level 6. HP: 18/35 MP: 10/10
  3927 | D:4      | 3927 ||| Stepping ~*~*~tactically~*~*~ (stealth).
  3929 | D:4      | 3929 ||| Stepping ~*~*~tactically~*~*~ (stealth).
  4008 | D:4      | 4008 ||| Stepping ~*~*~tactically~*~*~ (stealth).
  4018 | D:4      | HP: 6/32 [necrophage (3)]
  4019 | D:4      | HP: 1/31 [necrophage (5)]
  4019 | D:4      | Slain by a necrophage

Levels and vault maps discovered:
D:1:      matt_arrival_diagonals, layout_loops_ring, kennysheep_nondescript
D:2:      layout_loops_cross, shapermc_ecumenical_altar_pompeii
D:3:      layout_loops_corners, chequers_temple_overflow_minitemple,
          supply_closet_lemuel, st_stairs_12
D:4:      layout_layer_cave, cheibrodos_sewer_entry_drain

Skill      XL: |  1  2  3  4  5 |
---------------+----------------+-----
Axes           | 4 6 |  6.8
Armour         | 2 |  2.1
Fighting       | |  2.0
Throwing       | |  1.0
Dodging        | |  2.1
Spellcasting   | |  2.0
Translocations | |  2.4

Action                   |  1- 3 |  4- 6 || total
-------------------------+-------+-------++-------
Melee: Hand axe          |    70 |   105 ||   175
       Kick              |    12 |    28 ||    40
       Peck              |    13 |    18 ||    31
       Punch             |       |     2 ||     2
Throw: Boomerang         |     7 |       ||     7
  Use: Scroll            |     1 |     4 ||     5
Armor: Leather armour    |    18 |       ||    18
       Ring mail         |       |    21 ||    21
       Chain mail        |       |    16 ||    16
Dodge: Dodged            |    38 |    45 ||    83

Table legend:
 A = Non-vault XP
 B = Vault XP
 C = Vault XP percentage of total XP
 D = Non-vault monster count
 E = Vault monster count
 F = Vault count percentage of total count
                 A         B        C        D         E       F
            +---------+---------+-------+---------+---------+-------
      Total |     393 |       8 |   2.0 |      54 |       3 |   5.3
            +---------+---------+-------+---------+---------+-------
        D:1 |      29 |       0 |   0.0 |      16 |       0 |   0.0
        D:2 |     118 |       0 |   0.0 |      18 |       0 |   0.0
        D:3 |     155 |       2 |   1.3 |      12 |       1 |   7.7
        D:4 |      91 |       6 |   6.2 |       8 |       2 |  20.0
            +---------+---------+-------+---------+---------+-------
